 Dungeon Crawl Stone Soup version 0.30.1 (webtiles) character file.

Game seed: 612329936581693371

252 sakkuzi the Basher (level 5, 0/45 HPs)
             Began as a Minotaur Berserker on July 12, 2023.
             Was a Believer of Trog.
             Succumbed to an orc priest's poison
             ... on level 3 of the Dungeon.
             The game lasted 00:04:28 (1305 turns).

sakkuzi the Basher (Minotaur Berserker)             Turns: 1305, Time: 00:04:29

Health: 0/45       AC:  8    Str: 23    XL:     5   Next: 89%
Magic:  4/4        EV:  9    Int:  4    God:    Trog [**....]
Gold:   86         SH:  0    Dex: 10    Spells: 4/4 levels left

rFire   . . .        a - +0 mace
rCold   . . .        (no shield)
rNeg    . . .        o - +0 chain mail
rPois   .            (helmet restricted)
rElec   .            (no cloak)
rCorr   .            (no gloves)
SInv    .            (no boots)
Will    ++...        (no amulet) Stlth
                     (no ring)
HPRegen 1.27/turn    (no ring)
MPRegen 0.09/turn

%: no passive effects
@: lethally poisoned (0 -> -5), strong-willed, regenerating
A: horns 2, retaliatory headbutt
a: Renounce Religion, Berserk, Trog's Hand


You were on level 3 of the Dungeon.
You worshipped Trog.
Trog was pleased with you.
You visited 1 branch of the dungeon, and saw 3 of its levels.

You collected 86 gold pieces.

Inventory:

Hand Weapons
 a - a +0 mace (weapon)
Missiles
 c - 2 poisoned darts (quivered)
Armour
 b - a +0 animal skin
 o - a +0 chain mail (worn)
Scrolls
 d - 2 scrolls of teleportation {unknown}
 e - a scroll of noise {unknown}
 f - a scroll of fog {unknown}
 i - a scroll of blinking {unknown}
 j - a scroll of butterflies {unknown}
 k - 2 scrolls of identify {unknown}
Potions
 g - a potion of mutation {unknown}
 h - a potion of heal wounds {unknown}
 l - a potion of flight {unknown}
 m - a potion of magic
 n - 2 potions of curing {unknown}
 p - a potion of berserk rage {unknown}
 q - a potion of resistance {unknown}


   Skills:
 - Level 3.6 Fighting
 * Level 8.0 Maces & Flails
 - Level 2.4 Armour
 - Level 2.1 Dodging


You had 4 spell levels left.
You didn't know any spells.
Your spell library was empty.

Dungeon Overview and Level Annotations

Branches:
Dungeon (3/15)

Altars:


Innate Abilities, Weirdness & Mutations

You have a pair of horns on your head.
You reflexively headbutt those who attack you in melee.


Message History

You kill the orc priest!
Trog accepts your kill.
Your Maces & Flails skill increases to level 8!
An orc comes into view. It is wielding a +0 hand axe.
The orc shouts!
You hear a shout!
You see here a +0 flail.
The orc closely misses you.
You barely miss the orc. You headbutt the orc.
The orc is almost dead.
An orc and an orc wizard come into view.
The orc shouts!
The orc wizard shouts!
The orc priest hits you with a +2 dagger of venom.
You are poisoned.
The orc hits you with a +0 hand axe.
You see here a +0 flail.
The orc priest attacks as you move away!
The orc priest hits you with a +2 dagger of venom.
You are more poisoned.
You feel very sick. The orc closely misses you.
The orc priest attacks as you move away!
The orc priest hits you with a +2 dagger of venom.
You are lethally poisoned!
The orc attacks as you move away! The orc closely misses you.
You furiously retaliate!
You headbutt the orc, but do no damage.
You feel very sick.
Your skin crawls.
You feel strong-willed.
You feel very sick. The orc priest completely misses you.
You feel very sick.
The orc priest attacks as you move away!
The orc priest hits you with a +2 dagger of venom.
* * * LOW HITPOINT WARNING * * *
You are lethally poisoned!
* * * LOW HITPOINT WARNING * * *
You feel very sick.
Okay, then.
Okay, then.
It was a potion of magic.
Magic courses through your body.
You die...

#.#####.###########
#.##.# #.#####.# #.##.#
#.......# #.##.#
#.###.####### #####
#.##.# #.....# #.).#
#.##.# ######.#### #o#.#
#....# ..........# #o#.#
###).#
######.##.######o#.#
#..# #.#......##@#o#
#.<# ##.#..###.##.#.#
#..# ##.....# #.##.#o#
#..#
####......###.##.#.#
#..# .....†......#.##.#
...# ####.....)..#.##)#
###.#
.......♣♣.....##.######
#.#
##.#....................
..#
#.....♣..(.############


You could see an orc priest, an orc wizard and an orc.

Vanquished Creatures
  Grinder (D:3)
  An orc priest (D:3)
  An adder (D:2)
  2 dart slugs (D:2)
  A bat (D:2)
  2 endoplasms
  2 giant cockroaches (D:2)
  6 goblins
  3 hobgoblins (D:1)
  A quokka (D:1)
  4 ball pythons
  2 frilled lizards
  3 kobolds
  2 rats
31 creatures vanquished.

Notes
Turn   | Place    | Note
-------+----------+-------------------------------------------
     0 | D:1      | sakkuzi the Minotaur Berserker began the quest for the Orb.
     0 | D:1      | Reached XP level 1. HP: 19/19 MP: 0/0
    59 | D:1      | Found a faded altar of an unknown god.
    90 | D:1      | Reached skill level 4 in Maces & Flails
   170 | D:1      | Reached XP level 2. HP: 22/26 MP: 1/1
   599 | D:2      | Reached skill level 5 in Maces & Flails
   656 | D:2      | Reached XP level 3. HP: 30/31 MP: 2/2
  1098 | D:3      | Reached ** piety under Trog
  1128 | D:3      | Noticed Grinder
  1129 | D:3      | Paralysed by Grinder for 5 turns
  1153 | D:3      | Killed Grinder
  1154 | D:3      | Reached skill level 7 in Maces & Flails
  1154 | D:3      | Reached XP level 4. HP: 39/39 MP: 3/3
  1154 | D:3      | Reached XP level 5. HP: 45/45 MP: 4/4
  1293 | D:3      | Reached skill level 8 in Maces & Flails
  1304 | D:3      | HP: 2/45 [poisoned by an orc priest]
  1305 | D:3      | Succumbed to an orc priest's poison

Illustrated notes

Levels and vault maps discovered:
D:1:      dpeg_arrival_court, layout_rooms, ebering_ecumenical_altar_abandoned
D:2:      layout_rooms
D:3:      layout_loops_ring, st_stairs_2, chequers_garden, uniq_grinder,
          uniq_terence

Skill      XL: |  1  2  3  4  5 |
---------------+----------------+-----
Maces & Flails | 4 5 7 8 |  8.0
Fighting       | |  3.6
Armour         | |  2.4
Dodging        | |  2.1

Action                     |  1- 3 |  4- 6 || total
---------------------------+-------+-------++-------
  Melee: Mace              |    51 |     7 ||    58
         Headbutt          |     6 |     3 ||     9
         Punch             |       |     1 ||     1
 Invoke: Berserk           |     1 |       ||     1
         Trog's Hand       |       |     1 ||     1
    Use: Potion            |       |     1 ||     1
 Armour: Animal skin       |     2 |       ||     2
         Chain mail        |     3 |     1 ||     4
  Dodge: Dodged            |    28 |     4 ||    32
